 Dungeon Crawl Stone Soup version 0.26.0-10-g1f06aea511 (webtiles) character file.

Game seed: 6871959720693199389

1398 raph the Chiller (level 8, -10/52 HPs)
             Began as a Merfolk Ice Elementalist on Jan 25, 2021.
             Was an Initiate of Ashenzari.
             Mangled by a two-headed ogre
             ... wielding a +0 giant club
              (23 damage)
             ... on level 8 of the Dungeon.
             The game lasted 00:20:07 (11272 turns).

raph the Chiller (Merfolk Ice Elementalist)        Turns: 11272, Time: 00:20:07

Health: -10/52     AC: 15    Str: 11    XL:     8   Next: 69%
Magic:  9/14       EV: 16    Int: 19    God:    Ashenzari [......]
Gold:   376        SH:  0    Dex: 15    Spells: 4/15 levels left

rFire    . . .     SeeInvis +   u - +8 war axe "Fynuhowk" {vorpal, Int+3}
rCold    . . .     Faith    .   (no shield)
rNeg     + . .     Spirit   .   a - +0 robe
rPois    .         Reflect  .   c - +1 helmet (curse)
rElec    .         Harm     .   x - +0 cloak (curse)
rCorr    .         Rampage  .   E - +2 pair of gloves {Str+3} (curse)
Will     .....                  (no boots)
Stlth    +++.......             (no amulet)
HPRegen  0.17/turn              C - ring of see invisible
MPRegen  0.14/turn              i - ring of positive energy

@: icy armour, frozen ramparts
A: change form in water, swift swim, stealthy swim
a: Renounce Religion, Curse Item


You were on level 8 of the Dungeon.
You worshipped Ashenzari.
Ashenzari was noncommittal.
You visited 2 branches of the dungeon, and saw 9 of its levels.

You collected 376 gold pieces.

Inventory:

Hand Weapons
 b - a +1 dagger of flaming
 j - a +2 dagger of draining
 u - the +8 war axe "Fynuhowk" (weapon) {vorpal, Int+3}
   (You found it on level 6 of the Dungeon)

   It inflicts extra damage upon your enemies.
   It affects your intelligence (+3).
Missiles
 h - 6 javelins (quivered)
Armour
 a - a +0 robe (worn)
 c - a cursed +1 helmet (worn)
 e - a +0 leather armour
 x - a cursed +0 cloak (worn)
 E - a cursed +2 pair of gloves of strength (worn)
Jewellery
 i - a ring of positive energy (right hand)
 B - an uncursed ring of fire
 C - a ring of see invisible (left hand)
Wands
 d - a wand of flame (6)
 v - a wand of polymorph (11)
 w - a wand of disintegration (12)
 y - a wand of iceblast (6)
 z - a wand of random effects (9)
Scrolls
 g - 3 scrolls of enchant weapon
 n - a scroll of amnesia
 A - 2 scrolls of teleportation
 D - 2 scrolls of brand weapon
 F - a scroll of identify
 I - a scroll of magic mapping
Potions
 f - 4 potions of lignification {unknown}
 k - 2 potions of invisibility {unknown}
 l - 3 potions of ambrosia {unknown}
 m - 2 potions of heal wounds {unknown}
 o - 3 potions of flight {unknown}
 p - 2 potions of curing
 q - a potion of magic {unknown}
 r - a potion of berserk rage
 s - 2 potions of haste {unknown}
 t - a potion of resistance {unknown}
 G - a potion of might {unknown}
 H - a potion of degeneration {unknown}


   Skills:
 + Level 6.1 Dodging
 + Level 5.5 Stealth
 + Level 4.2 Spellcasting
 * Level 3.9 Summonings
 * Level 7.9 Ice Magic


You had 4 spell levels left.
You knew the following spells:

 Your Spells              Type           Power        Failure   Level
a - Freeze                Ice            100%         1%          1
b - Frozen Ramparts       Ice            68%          1%          3
c - Ozocubu's Armour      Ice            34%          1%          3
d - Summon Ice Beast      Ice/Summ       26%          12%         4

Your spell library contained the following spells:

 Spells                   Type           Power        Failure   Level
 Hailstorm                Conj/Ice       19%          26%         4
 Confusing Touch          Hex            4%           38%         3
 Gell's Gravitas          Tloc           2%           38%         3
 Petrify                  Tmut/Erth      4%           80%         4
 Metabolic Englaciation   Hex/Ice        9%           58%         5
 Yara's Violent Unravell  Hex/Tmut       2%           98%         5


Dungeon Overview and Level Annotations

Branches:
Dungeon (8/15)             Temple (1/1) D:6
   Lair: D:8-11

Altars:
Ashenzari
Cheibriados
Dithmenos
Elyvilon
Fedhas
Gozag
Hepliaklqana
Kikubaaqudgha
Makhleb
Nemelex Xobeh
Okawaru
Qazlal
Ru
Sif Muna
Trog
Uskayaw
Vehumet
Wu Jian
Xom
Yredelemnul
Zin
The Shining One


Message History

The two-headed ogre is moderately wounded.
The wall freezes the two-headed ogre.
The two-headed ogre hits you with a +0 giant club!
The two-headed ogre barely misses you.
You slash the two-headed ogre!
The two-headed ogre is heavily wounded.
The wall freezes the two-headed ogre.
The two-headed ogre hits you with a +0 giant club!
The two-headed ogre hits you with a +0 giant club!!
* * * LOW HITPOINT WARNING * * *
Okay, then.
You are protected by a layer of icy armour.
You have covered nearby walls with an icy ambush.
Your movement speed is average.
Your attack speed is quite slow.
Your base attributes are Str 8, Int 16, Dex 15.
Okay, then.
It was a potion of curing.
You feel better.
The wall freezes the two-headed ogre!
The two-headed ogre hits you with a +0 giant club!!
You die...

.#####. .....#..#
#.......#
#....... ##
.......# #...
#....# .....
#....###.?....
#....O@...#
#...<#...##
#....#.......
..(.........##.[.
...........## ..
$........... #
......../....
.............
..............


You could see a two-headed ogre.

Vanquished Creatures
  Grinder (D:3)
  A sky beast (D:5)
  A centaur (D:5)
  Blork the orc (D:5)
  2 scorpions (D:4)
  A bullfrog zombie (D:5)
  A hound (D:6)
  4 orc priests
  6 orc wizards
  A centaur skeleton (D:5)
  Jessica (D:2)
  A gnoll shaman (D:5)
  2 worker ants
  A hound zombie (D:5)
  A hound skeleton (D:6)
  A worker ant zombie (D:5)
  Robin (D:2)
  8 gnolls
  11 adders
  A shadow imp (D:5)
  2 white imps
  2 ufetubi (D:5)
  An ooze (D:2)
  An adder skeleton (D:4)
  An adder zombie (D:7)
  A worm (D:3)
  9 orcs
  7 bats
  7 giant cockroaches
  19 goblins
  7 hobgoblins
  3 jackals (D:3)
  6 kobolds
  3 quokkas
  3 ball pythons
  A ball python zombie (D:5)
  4 frilled lizards
  A giant cockroach zombie (D:5)
  A quokka skeleton (D:4)
  A quokka zombie (D:5)
  7 rats
  A spectral orc (D:5)
135 creatures vanquished.

Notes
Turn   | Place    | Note
-------+----------+-------------------------------------------
     0 | D:1      | raph the Merfolk Ice Elementalist began the quest for the
                  | Orb.
     0 | D:1      | Reached XP level 1. HP: 13/13 MP: 3/3
   372 | D:1      | Reached XP level 2. HP: 19/19 MP: 3/5
  1055 | D:2      | Found a blossoming altar of Fedhas.
  1466 | D:2      | Noticed Jessica
  1478 | D:2      | Reached XP level 3. HP: 18/24 MP: 2/6
  1716 | D:3      | Learned a level 3 spell: Frozen Ramparts
  2162 | D:2      | Noticed Robin
  2167 | D:2      | Reached skill level 5 in Ice Magic
  2170 | D:2      | Killed Robin
  2171 | D:2      | Reached XP level 4. HP: 18/30 MP: 3/7
  2644 | D:2      | Killed Jessica
  2809 | D:2      | Found a sparkling altar of Nemelex Xobeh.
  2812 | D:2      | Found an ancient bone altar of Kikubaaqudgha.
  2815 | D:2      | Found a stormy altar of Qazlal.
  3298 | D:2      | Learned a level 3 spell: Ozocubu's Armour
  3558 | D:3      | Reached XP level 5. HP: 35/35 MP: 8/8
  4739 | D:3      | Noticed Grinder
  4746 | D:3      | Paralysed by Grinder for 6 turns
  4769 | D:3      | Killed Grinder
  4770 | D:3      | Reached skill level 6 in Ice Magic
  4770 | D:3      | Reached XP level 6. HP: 13/41 MP: 6/10
  5378 | D:4      | Learned a level 4 spell: Summon Ice Beast
  5452 | D:4      | Reached XP level 7. HP: 46/46 MP: 2/12
  6119 | D:4      | Reached skill level 5 in Dodging
  6119 | D:4      | Reached skill level 1 in Summonings
  7323 | D:5      | Entered Level 5 of the Dungeon
  7523 | D:5      | Noticed Blork the orc
  7531 | D:5      | Killed Blork the orc
  7532 | D:5      | Reached skill level 7 in Ice Magic
  7665 | D:5      | Reached XP level 8. HP: 46/52 MP: 1/13
  8211 | D:5      | Reached skill level 5 in Stealth
  9302 | D:5      | Found a basalt altar of Yredelemnul.
 10061 | D:6      | Found a staircase to the Ecumenical Temple.
 10072 | Temple   | Entered the Ecumenical Temple
 10301 | Temple   | Became a worshipper of Ashenzari the Shackled
 10449 | D:6      | Got the war axe "Fynuhowk" {vorpal, Int+3}
 10450 | D:6      | Identified the +8 war axe "Fynuhowk" {vorpal, Int+3} (You
                  | found it on level 6 of the Dungeon)
 10792 | D:7      | Identified a scroll of acquirement
 10792 | D:7      | Acquired a cursed +2 pair of gloves of strength
 10975 | D:7      | Found a glowing golden altar of the Shining One.
 11261 | D:8      | Noticed a two-headed ogre
 11272 | D:8      | Mangled by a two-headed ogre

Illustrated notes

Levels and vault maps discovered:
D:1:      mushboom_english_gardens, layout_basic
D:2:      layout_loops_corners, grunt_temple_overflow_diamond,
          amcnicky_mini_rare_corridor_liquid, minmay_misc_feat_four_crosses,
          fedhas_altar_4, uniq_jessica, uniq_robin
D:3:      layout_basic, uniq_grinder
D:4:      layout_loops_corners, serial_co_window_serial, co_window_paths_a,
          co_window_corner_a, co_window_cross_1, co_window_corner_a,
          co_window_of_opportunity_a, co_window_paths_c,
          co_window_of_opportunity_c, co_window_cross_2, co_window_corner_b,
          co_window_corner_cb, co_window_4corner_b, co_window_sun,
          glass_columns_c, glass_columns_a
D:5:      layout_layer_cave, yredelemnul_forgotten_temple_becter,
          uniq_blork_the_orc
D:6:      layout_loops_ring, minmay_temple_entry_slanted
D:7:      layout_rooms, nicolae_tso_swordbearing_angel
D:8:      cheibrodos_iron_armory, layout_cave_pools, serial_bayou_pond_d
Temple:   dpeg_five_rooms_temple

Skill      XL: |  1  2  3  4  5  6  7  8 |
---------------+-------------------------+-----
Dodging        | 3 4 5 6 |  6.1
Ice Magic      | 5 6 7 |  7.9
Stealth        | 3 4 5 |  5.5
Spellcasting   | 3 4 |  4.2
Summonings     | 2 3 |  3.9

Action                   |  1- 3 |  4- 6 |  7- 9 || total
-------------------------+-------+-------+-------++-------
Melee: Dagger            |    29 |    87 |   233 ||   349
       War axe           |       |       |    20 ||    20
Throw: Javelin           |     2 |     2 |     4 ||     8
 Cast: Freeze            |    24 |    11 |     3 ||    38
       Frozen Ramparts   |     1 |    11 |    21 ||    33
       Ozocubu's Armour  |       |     5 |    13 ||    18
Invok: Curse Item        |       |       |     2 ||     2
Evoke: Wand              |     1 |     9 |     2 ||    12
  Use: Scroll            |     6 |     1 |     4 ||    11
       Potion            |       |     1 |     1 ||     2
 Stab: Sleeping          |     4 |     3 |     7 ||    14
       Distracted        |       |       |     1 ||     1
Armor: Robe              |     4 |    23 |    57 ||    84
       Leather armour    |       |     4 |       ||     4
Dodge: Dodged            |    17 |    83 |   215 ||   315
